 Dungeon Crawl Stone Soup version 0.21-a0-273-g0785366 (webtiles) character file.

172 JackS81 the Changer (level 5, 0/39 HPs)
             Began as an Octopode Transmuter on Sept 17, 2017.
             Slain by an adder (2 damage)
             ... on level 3 of the Dungeon.
             The game lasted 00:07:43 (2092 turns).

JackS81 the Changer (Octopode Transmuter)           Turns: 2092, Time: 00:07:44

Health: 0/39       AC:  5    Str:  9    XL:     5   Next: 53%
Magic:  6/8        EV: 10    Int: 17    God:
Gold:   138        SH:  0    Dex: 12    Spells: 0/8 levels left

rFire    + . .     SeeInvis .     - Unarmed
rCold    + . .     Gourm    .   (shield currently unavailable)
rNeg     . . .     Faith    .   (helmet currently unavailable)
rPois    +         Spirit   .   (no amulet)
rElec    .         Reflect  .   h - ring of fire
rCorr    .         Harm     .   k - ring of fire
MR       .....                  (no ring)
Stlth    +.........             (no ring)
HPRegen  0.13/turn              (no ring)
MPRegen  0.11/turn              (no ring)
                                (no ring)
                                (no ring)

@: lethally poisoned (0 -> -6), ice-form, flying
A: almost no armour, stealthy swim, amphibious, 8 rings, (constrict 8)
a: End Transformation


You were on level 3 of the Dungeon.
You were not hungry.
You were a creature of crystalline ice.
You visited 1 branch of the dungeon, and saw 3 of its levels.

You collected 138 gold pieces.

Inventory:

Missiles
 a - 38 arrows
 e - 97 stones (quivered)
Jewellery
 h - a ring of fire (left front paw)
 k - a ring of fire (right front paw)
Scrolls
 g - 5 scrolls of identify {unknown}
 l - a scroll of immolation {unknown}
 m - 2 scrolls of teleportation {unknown}
 n - 2 scrolls of fear {unknown}
 p - a scroll of remove curse {unknown}
 q - a scroll of enchant weapon {unknown}
Potions
 o - a potion of heal wounds {unknown}
Books
 b - a book of Changes

   Spells                             Type                      Level
   a - Beastly Appendage              Transmutation                1
   b - Sticks to Snakes               Transmutation                2
   c - Spider Form                    Transmutation/Poison         3
   d - Ice Form                       Ice/Transmutation            4
   e - Blade Hands                    Transmutation                5
Comestibles
 c - a bread ration
 d - a royal jelly
 j - a meat ration
 r - 10 chunks of flesh


   Skills:
 - Level 1.0 Fighting
 - Level 2.0 Dodging
 + Level 3.3 Unarmed Combat
 - Level 2.0 Spellcasting
 * Level 5.1 Transmutations
 + Level 1.2 Poison Magic


You couldn't memorise any spells.
You knew the following spells:

 Your Spells              Type           Power        Failure   Level  Hunger
a - Beastly Appendage     Tmut           ###...       2%          1    #......
b - Spider Form           Tmut/Pois      ##........   16%         3    ###....
c - Ice Form              Ice/Tmut       ##......     54%         4    #####..


Dungeon Overview and Level Annotations

Branches:
Dungeon (3/15)

Altars:

Portals:
Sewer: D:3


Innate Abilities, Weirdness & Mutations

You cannot wear most types of armour.
You are very stealthy in the water. (Stealth+)
You are amphibious.
You can wear up to eight rings at the same time.
((You can use your tentacles to constrict eight enemies at once.))
((Your skin changes colour to match your surroundings (Stealth+).))
((Your rubbery body absorbs attacks. (AC +1, EV +1)))


Message History

You closely miss the adder.
The adder is heavily wounded.
* * * LOW HITPOINT WARNING * * *
You feel sick. The adder bites you but does no damage.
The adder closely misses you. The adder barely misses you.
You hit the adder.
The adder seems to slow down.
You freeze the adder.
The adder is heavily wounded.
* * * LOW HITPOINT WARNING * * *
You feel sick. The adder bites you but does no damage. The adder bites you.
* * * LOW HITPOINT WARNING * * *
You punch the adder!
The adder seems to slow down.
You freeze the adder.
You kill the adder!
* * * LOW HITPOINT WARNING * * *
You feel sick. The adder closely misses you.
It was a potion of flight.
You feel very buoyant.
You fly up into the air.
* * * LOW HITPOINT WARNING * * *
You feel sick. The adder bites you.
You die...

#.#..##
#.#.## #####
#.#.# .....#
#.#.#
##.#..###...#
........#..##
#######...##
#≈≈≈≈≈#S.##
#≈≈∩≈≈sY.#
#≈≈≈≈≈#..#
#######..#
.........#
##########


You could see an adder and a giant cockroach.

Vanquished Creatures
  An orc priest (D:3)
  An orc wizard (D:3)
  A howler monkey skeleton (D:3)
  3 adders (D:3)
  3 worms
  2 dart slugs
  A leopard gecko (D:1)
  3 orcs (D:3)
  A ball python (D:2)
  4 giant cockroaches
  9 goblins
  6 hobgoblins
  2 jackals (D:1)
  7 kobolds
  A quokka (D:2)
  7 bats
  4 frilled lizards
  7 rats
63 creatures vanquished.

Notes
Turn   | Place    | Note
-------+----------+-------------------------------------------
     0 | D:1      | JackS81 the Octopode Transmuter began the quest for the Orb.
     0 | D:1      | Reached XP level 1. HP: 13/13 MP: 3/3
   155 | D:1      | Reached XP level 2. HP: 16/18 MP: 3/5
   196 | D:1      | Reached skill level 3 in Transmutations
   410 | D:1      | Reached XP level 3. HP: 23/23 MP: 4/6
   995 | D:2      | Learned a level 3 spell: Spider Form
  1300 | D:2      | Reached skill level 4 in Transmutations
  1496 | D:2      | Reached XP level 4. HP: 21/28 MP: 5/7
  1920 | D:3      | Reached XP level 5. HP: 5/33 MP: 3/8
  1926 | D:3      | Reached skill level 5 in Transmutations
  2064 | D:3      | Found a glowing drain.
  2070 | D:3      | Learned a level 4 spell: Ice Form
  2086 | D:3      | Reached skill level 1 in Poison Magic
  2092 | D:3      | Slain by an adder

Vault maps used:
D:1:      lemuel_arrival_river_passageway
D:3:      first_bread, gup_sewer_entry_glass

Skill      XL: |  1  2  3  4  5 |
---------------+----------------+-----
Transmutations | 3 4 5 |  5.1
Poison Magic   | 1 |  1.2
Fighting       | |  1.0
Dodging        | |  2.0
Unarmed Combat | |  3.3
Spellcasting   | |  2.0

Action                   |  1- 3 |  4- 6 || total
-------------------------+-------+-------++-------
Melee: Unarmed           |    88 |    53 ||   141
       Constrict         |    19 |     3 ||    22
       Kick              |    19 |     1 ||    20
       Punch             |     1 |       ||     1
       Tentacles         |     9 |     3 ||    12
Throw: Stone             |     2 |       ||     2
 Cast: Beastly Appendage |    19 |     1 ||    20
       Spider Form       |     5 |     7 ||    12
       Ice Form          |       |     1 ||     1
  Use: Potion            |       |     3 ||     3
 Stab: Sleeping          |     2 |     1 ||     3
  Eat: Chunk             |     3 |     3 ||     6
Armor: Skin              |     4 |    10 ||    14
Dodge: Dodged            |    71 |    47 ||   118

Table legend:
 A = Spawn XP
 B = Non-spawn XP
 C = Spawn XP percentage of total XP
 D = Spawn monster count
 E = Non-spawn monster count
 F = Spawn count percentage of total count
 G = Total turns spent on level
                    A         B        C        D         E        F      G
               +---------+---------+-------+---------+---------+-------+---------
         Total |       0 |     247 |   0.0 |       0 |      63 |   0.0 |  2092
               +---------+---------+-------+---------+---------+-------+---------
           D:1 |       0 |      50 |   0.0 |       0 |      30 |   0.0 |   990
           D:2 |       0 |      47 |   0.0 |       0 |      22 |   0.0 |   888
           D:3 |       0 |     150 |   0.0 |       0 |      11 |   0.0 |   214
               +---------+---------+-------+---------+---------+-------+---------
